 Dungeon Crawl Stone Soup version 0.13-a0-2244-g236abbe (webtiles) character file.

444 Kae the Cleaver (level 6, 0/52 HPs)
             Began as a Hill Orc Fighter on July 5, 2013.
             Succumbed to a worker ant's poison
             ... on Level 4 of the Dungeon.
             The game lasted 00:02:59 (2352 turns).

Kae the Cleaver (Hill Orc Fighter)                  Turns: 2352, Time: 00:02:59

HP   0/52        AC 14     Str 21      XL: 6   Next: 46%
MP   5/5         EV  3     Int  8      God:
Gold 124         SH 19     Dex 10      Spells:  0 memorised,  5 levels left

Res.Fire  : . . .   See Invis. : .   a - +0 orc hand axe {=f}
Res.Cold  : . . .   Warding    : .   o - +0 plate armour
Life Prot.: . . .   Conserve   : .   c - +0 orc shield
Res.Poison: .       Res.Corr.  : .   g - +2 dwarf winged helmet
Res.Elec. : .       Clarity    : .   (no cloak)
Sust.Abil.: . .     Spirit.Shd : .   (no gloves)
Res.Mut.  : .       Stasis     : .   (no boots)
Res.Rott. : .       Flight     : +   (no amulet)
Saprovore : + . .                    (no ring)
                                     (no ring)

@: flying, mildly poisoned, slightly resistant to hostile enchantments,
extremely unstealthy
A: saprovore 1
a: no special abilities


You were on level 4 of the Dungeon.
You were not hungry.

You visited 1 branch of the dungeon, and saw 4 of its levels.

You collected 104 gold pieces.

Inventory:

Hand weapons
 a - a +0,+0 orcish hand axe (weapon) {=f}
Armour
 b - a +0 orcish scale mail
 c - a +0 orcish shield (worn)
 g - a +2 dwarven winged helmet (worn)
 o - a +0 plate armour (worn)
Magical devices
 v - a wand of draining (9) {unknown}
Comestibles
 d - a meat ration
 f - 2 pears
 h - an apple
 j - 3 bread rations
 r - a choko
 t - an apricot
 u - a snozzcumber
Scrolls
 e - a scroll of magic mapping {unknown}
 i - a scroll of identify {unknown}
 k - a scroll of random uselessness {unknown}
 l - a scroll of curse armour {unknown}
 n - a scroll of remove curse {unknown}
 p - 2 scrolls of blinking {unknown}
 q - a scroll of curse jewellery {unknown}
Jewellery
 w - an uncursed amulet of rage {unknown}
 x - an uncursed ring of poison resistance {unknown}
Potions
 s - a potion of magic


   Skills:
 - Level 3.6 Fighting
 + Level 9.0 Axes
 - Level 3.2 Armour
 - Level 3.2 Shields


You had 5 spell levels left.
You didn't know any spells.

Dungeon Overview and Level Annotations

Branches:
Dungeon (4/27)
 Temple: D:4-7

Altars:

Annotations
D:4 Drahman's ghost, experienced DrMo


Innate Abilities, Weirdness & Mutations

You can tolerate rotten meat.


Message History

You feel sick.
You feel better.
You hear the slow rusting of a distant drain.
The gnoll barely misses you.
Your plate armour prevents you from hitting the gnoll.
The gnoll hits you but does no damage.
The worker ant bites you but does no damage.
You hit the gnoll.
The gnoll is lightly wounded.
The worker ant bites you.
* * * LOW HITPOINT WARNING * * *
You are poisoned.
The worker ant poisons you! The gnoll hits you but does no damage.
You hit the gnoll but do no damage.
The gnoll is lightly wounded.
The worker ant bites you but does no damage.
The gnoll barely misses you. You block the gnoll's attack.
You barely miss the gnoll.
The gnoll is lightly wounded.
You die...

#..K........#
#(########### #.#
#.##
.oOSK..K.........
.####...#.#.#####
#####.....g.#
#....##a#
#....##@#
#....##g#
.....g#..#
###....#.#
#...##.. ##
###...#### .
#......# #......#
#########......#


You could see a worker ant and 2 gnolls.

Vanquished Creatures
  Purgy (D:3)
  An orc priest (D:3)
  2 orc wizards (D:3)
  2 worker ants (D:3)
  Ijyb (D:2)
  Terence (D:2)
  4 adders (D:2)
  3 giant geckos
  2 orcs (D:3)
  10 bats
  3 giant cockroaches
  4 hobgoblins
  7 jackals
  2 quokkas
  2 ball pythons
  3 giant newts (D:1)
  12 goblins
  3 kobolds
  A kobold skeleton (D:3)
  5 rats (D:2)
69 creatures vanquished.

Vanquished Creatures (others)
  A hobgoblin (D:2)
1 creature vanquished.

Grand Total: 70 creatures vanquished

Notes
Turn   | Place    | Note
--------------------------------------------------------------
     0 | D:1      | Kae, the Hill Orc Fighter, began the quest for the Orb.
     0 | D:1      | Reached XP level 1. HP: 19/19 MP: 0/0
   108 | D:1      | Reached XP level 2. HP: 26/26 MP: 1/1
   172 | D:1      | Reached skill level 4 in Axes
   614 | D:2      | Noticed Ijyb
   668 | D:2      | Killed Ijyb
   668 | D:2      | Reached skill level 5 in Axes
   668 | D:2      | Reached XP level 3. HP: 31/33 MP: 2/2
   781 | D:2      | Reached XP level 4. HP: 39/39 MP: 3/3
   953 | D:2      | Noticed Terence
   956 | D:2      | Reached skill level 6 in Axes
   972 | D:2      | Killed Terence
  1138 | D:3      | Noticed Purgy
  1166 | D:3      | Killed Purgy
  1166 | D:3      | Reached skill level 7 in Axes
  1166 | D:3      | Reached XP level 5. HP: 24/46 MP: 4/4
  1337 | D:3      | Reached skill level 8 in Axes
  1337 | D:3      | Reached XP level 6. HP: 52/52 MP: 5/5
  1461 | D:3      | HP: 1/52 [orc priest/divine providence (12)]
  2104 | D:4      | Noticed Drahman's ghost (experienced DrMo)
  2250 | D:4      | Reached skill level 9 in Axes
  2350 | D:4      | HP: 1/52 [worker ant (3)]
  2352 | D:4      | Succumbed to a worker ant's poison

Action                   |  1- 3 |  4- 6 || total
-------------------------+-------+-------++-------
Melee: Hand axe          |   125 |   205 ||   330
  Use: Potion            |       |     4 ||     4
